 Dungeon Crawl Stone Soup version 0.29-a0-338-g1ff7896281 (webtiles) character file.

Game seed: 17159524742177266967

107 siradein the Vexing (level 4, -7/39 HPs)
             Began as a Naga Arcane Marksman on Apr 18, 2022.
             Mangled by an orc
             ... wielding a +0 falchion
              (8 damage)
             ... on level 3 of the Dungeon.
             The game lasted 00:04:38 (1770 turns).

siradein the Vexing (Naga Arcane Marksman)          Turns: 1770, Time: 00:04:39

Health: -7/39      AC:  4    Str: 14    XL:     4   Next: 85%
Magic:  7/7        EV: 10    Int: 16    God:
Gold:   125        SH:  0    Dex: 11    Spells: 3/7 levels left

rFire   . . .      SeeInvis +   b - +8 rapier of Billozax {venom, *Slow Will+ Str+2}
rCold   . . .      Faith    .   (no shield)
rNeg    . . .      Spirit   .   f - +0 robe
rPois   +          Reflect  .   d - +1 helmet
rElec   .          Harm     .   (no cloak)
rCorr   .          Rampage  .   (no gloves)
Will    +....                   (no barding)
Stlth   +.........              (no amulet)
HPRegen 0.13/turn               (no ring)
MPRegen 0.10/turn               (no ring)

@: very slow
A: AC +1, large, see invisible, deformed body, poison resistance, slowness 2,
spit poison 1, naga tail 1
a: Spit Poison


You were on level 3 of the Dungeon.
You visited 1 branch of the dungeon, and saw 3 of its levels.

You collected 125 gold pieces.

Inventory:

Hand Weapons
 a - a +0 shortbow
 b - the +8 rapier of Billozax (weapon) {venom, *Slow Will+ Str+2}
   (You found it on level 2 of the Dungeon)

   It poisons the flesh of those it strikes.
   Str:       It affects your strength (+2).
   *Slow:     It may slow you when you take damage.
   Will:      It increases your willpower.
Armour
 d - a +1 helmet (worn)
 f - a +0 robe (worn)
Scrolls
 c - a scroll of vulnerability
 g - a scroll of identify {unknown}
 i - a scroll of teleportation {unknown}
Potions
 e - a potion of brilliance {unknown}
 h - a potion of flight {unknown}
 j - a potion of lignification {unknown}
 k - a potion of attraction {unknown}
 l - a potion of degeneration {unknown}


   Skills:
 + Level 2.1 Fighting
 + Level 2.4 Bows
 + Level 2.2 Dodging
 + Level 2.0 Spellcasting
 + Level 3.5 Hexes


You had 3 spell levels left.
You knew the following spells:

 Your Spells              Type           Power      Damage    Failure   Level
a - Slow                  Hex            48%        N/A       4%          1
b - Inner Flame           Hex/Fire       7%         N/A       30%         3

Your spell library contained the following spells:

 Spells                   Type           Power      Damage    Failure   Level
 Portal Projectile        Hex/Tloc       14%        N/A       30%         3
 Gell's Gravitas          Tloc           1%         N/A       52%         3
 Lesser Beckoning         Tloc           1%         N/A       52%         3
 Teleport Other           Tloc           1%         N/A       52%         3
 Cause Fear               Hex            6%         N/A       43%         4


Dungeon Overview and Level Annotations

Branches:
Dungeon (3/15)

Altars:


Innate Abilities, Weirdness & Mutations

Your serpentine skin is tough. (AC +1)
You have supernaturally acute eyesight. (SInv)
Armour fits poorly on your strangely shaped body.
Your system is resistant to poisons. (rPois)
You cover ground very slowly.
You can spit poison.
You have a snake-like lower body.


Message History

The hound bites you. The kobold hits you with a +0 dagger. The hound bites you.
You puncture the hound!
The hound is poisoned.
The hound is severely wounded.
You kill the hound!
The kobold hits you with a +0 dagger.
An orc comes into view. It is wielding a +0 falchion.
The kobold misses you.
Your Fighting skill increases to level 2!
Your Spellcasting skill increases to level 2!
You puncture the orc!
You kill the orc!
The quokka closely misses you. The kobold completely misses you.
You puncture the kobold!
You kill the kobold!
The quokka closely misses you. The quokka barely misses you.
You miss the quokka. The quokka closely misses you.
You completely miss the quokka.
The quokka bites you but does no damage.
The quokka completely misses you.
You hit the quokka.
The quokka is almost dead.
The quokka closely misses you.
The orc drinks a potion.
The orc goes berserk!
You closely miss the quokka.
The quokka is almost dead.
The orc completely misses you. The quokka bites you.
You puncture the quokka!
You kill the quokka!
The orc closely misses you. The orc hits you with a +0 falchion!
You are too injured to fight recklessly!
You are too injured to fight recklessly!
You are too injured to fight recklessly!
You are too injured to fight recklessly!
You barely miss the orc. The orc hits you with a +0 falchion!
* * * LOW HITPOINT WARNING * * *
The orc hits you with a +0 falchion!
* * * LOW HITPOINT WARNING * * *
You hit the orc.
The orc is moderately wounded.
The orc hits you with a +0 falchion!
You die...

.................
...####.#..............#
...# #.#..>...........#
...####.#...............
.....##.# ............#
...#.##.# ........
##.#..#.## ..... .
#.##....# #)†##.#
#.####..# ##@..#.# #.#
#..# ##..o..)# #.#
#.†### #.......# #.#
#.)).###....#..#..
......†.#...............
........#...####........
......................##
..........#.#)..........
........................


You could see an orc (berserk).

Vanquished Creatures
  A hound (D:3)
  An adder (D:2)
  A worm (D:3)
  3 dart slugs
  An orc (D:3)
  7 bats
  3 endoplasms
  3 giant cockroaches (D:1)
  9 goblins
  8 hobgoblins
  2 quokkas
  3 ball pythons
  A frilled lizard (D:1)
  6 kobolds
  5 rats
54 creatures vanquished.

Notes
Turn   | Place    | Note
-------+----------+-------------------------------------------
     0 | D:1      | siradein the Naga Arcane Marksman began the quest for the
                  | Orb.
     0 | D:1      | Reached XP level 1. HP: 18/18 MP: 2/2
   218 | D:1      | Reached XP level 2. HP: 25/25 MP: 3/3
   426 | D:1      | Found a faded altar of an unknown god.
   677 | D:1      | Reached XP level 3. HP: 31/31 MP: 5/5
   689 | D:1      | Learned a level 3 spell: Inner Flame
  1100 | D:2      | Identified the +8 rapier of Billozax {venom, *Slow Will+
                  | Str+2}
  1630 | D:3      | Reached XP level 4. HP: 39/39 MP: 6/6
  1769 | D:3      | HP: 1/39 [orc/+0 falchion (8)]
  1770 | D:3      | Mangled by an orc

Illustrated notes

Levels and vault maps discovered:
D:1:      kilobyte_arrival_exit_the_forest, layout_rooms,
          shapermc_ecumenical_altar_totnotflames, serial_bayou_pond_e
D:2:      layout_rooms
D:3:      layout_rooms

Skill      XL: |  1  2  3  4 |
---------------+-------------+-----
Bows           | 2 |  2.4
Dodging        | 2 |  2.2
Fighting       | 2 |  2.1
Spellcasting   | 2 |  2.0
Hexes          | |  3.5

Action                   |  1- 3 |  4- 6 || total
-------------------------+-------+-------++-------
Melee: Rapier            |    16 |    21 ||    37
 Fire: Shortbow          |    83 |    21 ||   104
 Cast: Slow              |     7 |       ||     7
 Abil: Spit Poison       |     3 |       ||     3
Armor: Robe              |    31 |     8 ||    39
Dodge: Dodged            |    40 |    25 ||    65

Table legend: (Time is in decaauts)
 A = Elapsed time spent in this place.
 B = Non-inter-level travel time spent in this place.
 C = Inter-level travel time spent in this place.
 D = Time resting spent in this place.
 E = Time spent auto-exploring this place.
 F = Levels seen in this place.
 G = Mean time per level.
                   A        B        C        D        E       F      G
               +--------+--------+--------+--------+--------+-----+--------+
         Total |   2294 |   2187 |    107 |      2 |   1813 |   3 |  764.7 |
       Dungeon |   2294 |   2187 |    107 |      2 |   1813 |   3 |  764.7 |
               +--------+--------+--------+--------+--------+-----+--------+

Top non-repeatable levels by time:
     D:1: 1441 daAuts
     D:2: 670 daAuts
     D:3: 182 daAuts
